 Dungeon Crawl Stone Soup version 0.28-a0-440-ge3cd3e9c68 (webtiles) character file.

Game seed: 10238817122532058695

522061 nicanaca0 the Metallomancer (level 25, -1/159 HPs)
             Began as a Gargoyle Earth Elementalist on Nov 23, 2020.
             Was the Champion of Vehumet.
             Slain by a redback (15 damage)
             ... on level 12 of a ziggurat on Sept 11, 2021.
             The game lasted 04:02:47 (63521 turns).

nicanaca0 the Metallomancer (GrEE)                 Turns: 63521, Time: 04:02:47

Health: -1/159     AC: 23    Str: 15      XL:     25   Next: 92%
Magic:  1/49       EV: 13    Int: 25      God:    Vehumet [******]
Gold:   3777       SH: 19    Dex: 18 (20) Spells: 22/59 levels left

rFire   + . .      SeeInvis .   a - +6 demon whip (elec)
rCold   + . .      Faith    .   f - +5 kite shield
rNeg    + . .      Spirit   .   k - +2 robe {Archmagi}
rPois   ∞          Reflect  .   V - +2 hat {Will+}
rElec   +          Harm     .   C - +4 cloak of Utirch {*Corrode rElec Dex+8 Slay+4}
rCorr   .          Rampage  .   v - +2 pair of gloves
Will    ++...      Archmagi +   (no boots)
Stlth   ++........              U - amulet of magic regeneration
HPRegen 0.36/turn               D - ring of protection from fire
MPRegen 0.56/turn               O - ring "Riakoteu" {Wiz Drain rPois rC+ Slay+2}

@: corroded, flying, very slightly contaminated, slowed, studying
Translocations, very slow
A: sickness immunity, AC +19, big wings, negative energy resistance 1,
electricity resistance, torment resistance 1, petrification resistance, agile 1,
high mp 1, wild magic 1, sturdy frame 1
}: 2/15 runes: decaying, serpentine
a: Renounce Religion


You were on level 12 of a ziggurat.
You worshipped Vehumet.
Vehumet was exalted by your worship.
You visited 7 branches of the dungeon, and saw 35 of its levels.
You visited 1 bazaar.
You visited 1 ziggurat, and saw 12 of its levels.

You collected 7006 gold pieces.
You spent 3229 gold pieces at shops.

Inventory:

Hand Weapons
 a - a +6 demon whip of electrocution (weapon)
Missiles
 h - 6 throwing nets
 u - 2 javelins
 X - 15 curare-tipped darts
Armour
 f - a +5 kite shield (worn)
 k - a +2 robe of the Archmagi (worn)
 m - +3 gold dragon scales
 v - a +2 pair of gloves (worn)
 C - the +4 cloak of Utirch (worn) {*Corrode rElec Dex+8 Slay+4}
   (You bought it in a shop on level 2 of the Orcish Mines)

   Dex:       It affects your dexterity (+8).
   Slay:      It affects your accuracy & damage with ranged weapons and melee
   (+4).
   rElec:     It insulates you from electricity.
   *Corrode:  It may corrode you when you take damage.
 G - +6 fire dragon scales
 V - a +2 hat of willpower (worn)
Magical Staves
 b - a staff of earth
Jewellery
 n - a +4 ring of protection
 D - a ring of protection from fire (left hand)
 I - a ring of protection from cold
 L - a ring of willpower
 O - the ring "Riakoteu" (right hand) {Wiz Drain rPois rC+ Slay+2}
   (You bought it in a shop on level 2 of the Snake Pit)

   [ring of wizardry]

   It improves your spell success rate.
   Slay:      It affects your accuracy & damage with ranged weapons and melee
   (+2).
   rC:        It protects you from cold.
   rPois:     It protects you from poison.
   Drain:     It drains your maximum health when unequipped.
 Q - a ring of see invisible
 U - an amulet of magic regeneration (around neck)
 W - a ring of resist corrosion
Wands
 j - a wand of iceblast (32)
 l - a wand of mindburst (61)
 S - a wand of digging (10)
 Y - a wand of acid (15)
Scrolls
 e - a scroll of vulnerability
 g - 3 scrolls of holy word
 w - a scroll of immolation
 y - 3 scrolls of blinking {@r2}
 z - 9 scrolls of teleportation {@r2}
 E - 5 scrolls of fear
 N - 3 scrolls of magic mapping
 T - 7 scrolls of fog
Potions
 d - 3 potions of attraction
 i - 18 potions of curing {@q1}
 s - 2 potions of resistance
 x - 2 potions of brilliance
 B - 2 potions of haste
 M - 8 potions of cancellation
 P - 2 potions of magic
 Z - 6 potions of mutation
Miscellaneous
 K - a lightning rod (4/4)


   Skills:
 + Level 16.4 Fighting
 * Level 15.0 Armour
 - Level 2.8 Dodging
 - Level 2.1 Stealth
 - Level 15.0 Shields
 + Level 17.7 Spellcasting
 + Level 16.5 Conjurations
 - Level 6.9 Summonings
 - Level 3.0 Translocations
 - Level 0.7 Transmutations
 - Level 21.3 Earth Magic
 - Level 5.0 Evocations


You had 22 spell levels left.
You knew the following spells:

 Your Spells              Type           Power      Damage    Failure   Level
a - Iron Shot             Conj/Erth      61%        9d11      1%          6
b - Lehudib's Crystal Sp  Conj/Erth      61%        10d14     1%          8
c - Spellforged Servitor  Conj/Summ      51%        N/A       2%          7
e - Lee's Rapid Deconstr  Erth           64%        3d30*     1%          5
g - Blink                 Tloc           N/A        N/A       1%          2
i - Shatter               Erth           64%        3d48*     5%          9

Your spell library contained the following spells:

 Spells                   Type           Power      Damage    Failure   Level
 Chain Lightning          Conj/Air       44%        3d59      99%         9
 Polar Vortex             Ice            21%        N/A       100%        9
 Beastly Appendage        Tmut           100%       N/A       1%          1
 Magic Dart               Conj           100%       1d8       1%          1
 Sandblast                Erth           100%       2d20      1%          1
 Sting                    Tmut/Pois      100%       1d8       1%          1
 Call Imp                 Summ           84%        N/A       1%          2
 Passwall                 Tmut/Erth      83%        N/A       1%          2
 Poisonous Vapours        Pois/Air       86%        N/A       1%          2
 Wereblood                Tmut           50%        N/A       1%          2
 Conjure Flame            Conj/Fire      89%        6-21      1%          3
 Dazzling Flash           Conj/Hex       100%       N/A       1%          3
 Gell's Gravitas          Tloc           32%        N/A       1%          3
 Ignite Poison            Fire/Tmut/Pois 45%        N/A       1%          3
 Mephitic Cloud           Conj/Pois/Air  77%        N/A       1%          3
 Stone Arrow              Conj/Erth      100%       3d13      1%          3
 Teleport Other           Tloc           64%        N/A       1%          3
 Hailstorm                Conj/Ice       89%        3d18      1%          4
 Iskenderun's Mystic Bla  Conj/Tloc      95%        2d18      1%          4
 Leda's Liquefaction      Hex/Erth       49%        N/A       1%          4
 Petrify                  Tmut/Erth      100%       N/A       1%          4
 Bolt of Magma            Conj/Fire/Erth 52%        4d21      1%          5
 Borgnjor's Vile Clutch   Necr/Erth      49%        N/A       1%          5
 Fireball                 Conj/Fire      44%        3d18      1%          5
 Irradiate                Conj/Tmut      45%        3d28      1%          5
 Iskenderun's Battlesphe  Conj           100%       2d15      1%          5
 Orb of Destruction       Conj           58%        9d17      1%          7
 Corpse Rot               Necr/Air       N/A        N/A       2%          2
 Slow                     Hex            43%        N/A       2%          2
 Conjure Ball Lightning   Conj/Air       44%        3x3d15    2%          6
 Starburst                Conj/Fire      44%        6d12      2%          6
 Olgreb's Toxic Radiance  Pois           43%        N/A       3%          4
 Spider Form              Tmut/Pois      23%        N/A       4%          3
 Swiftness                Air            43%        N/A       4%          3
 Passage of Golubria      Tloc           N/A        N/A       4%          4
 Ice Form                 Ice/Tmut       46%        N/A       11%         4
 Animate Dead             Necr           21%        N/A       12%         4
 Dispel Undead            Necr           43%        3d17      12%         4
 Blade Hands              Tmut           25%        N/A       22%         5
 Alistair's Intoxication  Tmut/Pois      30%        N/A       26%         5
 Eringya's Noxious Bog    Tmut/Pois      23%        N/A       32%         6
 Dispersal                Tloc           32%        N/A       43%         6
 Death Channel            Necr           21%        N/A       82%         6
 Invisibility             Hex            21%        N/A       82%         6
 Simulacrum               Ice/Necr       21%        N/A       82%         6
 Discord                  Hex            21%        N/A       100%        8
 Disjunction              Tloc           32%        N/A       100%        8
 Sublimation of Blood     Necr           Unusable   N/A       N/A         2
 Statue Form              Tmut/Erth      Unusable   N/A       N/A         6

Dungeon Overview and Level Annotations

Branches:
Dungeon (15/15)            Temple (1/1) D:6            Lair (6/6) D:9
  Swamp (4/4) Lair:4        Snake (4/4) Lair:2        Slime (0/5) Lair:6
    Orc (2/2) D:9             Elf (0/3) Orc:2        Vaults (0/5) D:14
 Depths (3/5) D:15

Altars:
Ashenzari
Cheibriados
Dithmenos
Elyvilon
Fedhas
Gozag
Kikubaaqudgha
Makhleb
Nemelex Xobeh
Okawaru
Ru
Trog
Vehumet
Xom
Yredelemnul
The Shining One
Beogh
Jiyva

Shops:
D:4 [   D:7 *!*?   D:8 ?   Orc:2 (*:[   Snake:2 =x=

Portals:
Hell: Depths:1 Depths:2
Trove: Depths:1 (give 4 potions of resistance)

Annotations:
D:3 1 runed translucent door, bmj180's ghost, amateur DrCj
Lair:3 exclusion: 3 oklob plants
Depths:3 2 runed translucent doors


Innate Abilities, Weirdness & Mutations

You are immune to sickness and miasma.
Your stone body is resilient. (AC +19)
You are immune to poison.
Your large and strong wings let you fly.
You resist negative energy. (rN+)
You are resistant to electric shocks. (rElec)
You are resistant to unholy torment.
You are immune to petrification.
You are agile. (Dex +2)
You have an increased reservoir of magic. (+10% MP)
Your spells are a little harder to cast, but a little more powerful.
Your movements are slightly less encumbered by armour. (ER -2)


Message History

The wolf spider barely misses you. The wolf spider bites you!
The torpor snail bites you! The redback barely misses you.
You feel you are being watched by something.
Something hits you but does no damage. x2
Something stings you but does no damage.
The entropy weaver hits you. x2
The entropy weaver hits you but does no damage.
The entropy weaver hits you.
You hit something but do no damage. The redback bites you!
The redback misses you. You block the wolf spider's attack. x2
Something hits you but does no damage. x2
Something stings you but does no damage.
The redback bites you.
Your corrosive artefact corrodes you!
The entropy weaver barely misses you. You block the entropy weaver's attack.
The entropy weaver hits you but does no damage.
You block the entropy weaver's attack.
You feel you are being watched by something.
You feel your power leaking away.
Something hits you but does no damage. x2
Something stings you but does no damage.
The wolf spider hits you but does no damage.
The wolf spider bites you but does no damage.
The torpor snail misses you.
You feel you are being watched by something.
Something barely misses you. Something hits you but does no damage.
Something stings you! The redback bites you!
* * * LOW HITPOINT WARNING * * *
The entropy weaver barely misses you. x2; The entropy weaver hits you.
* * * LOW HITPOINT WARNING * * *
You block the entropy weaver's attack.
You feel you are being watched by something.
You block something's attack. Something hits you!
* * * LOW HITPOINT WARNING * * *
You feel clumsy.
Something stings you but does no damage.
The wolf spider hits you but does no damage.
The wolf spider bites you.
* * * LOW HITPOINT WARNING * * *
You hit something. You block the redback's attack. The redback bites you!
You die...

▓▓.........▓▓
▓▓...........▓▓
▓▓.............▓▓
▓▓)(.............▓▓
▓▓|)...............▓▓
▓▓∩|).†.s............▓
▓:>[!(yB...)........∩.
▓∩|{{ws.............▓
▓|)@{s............▓▓
▓▓sBsB...........▓▓
▓▓sss..........▓▓
▓▓...........▓▓
▓▓.........▓▓
▓▓▓▓▓▓▓▓▓▓▓


You could see 2 emperor scorpions, a boulder beetle, 2 entropy weavers, a torpor
snail, a wolf spider, a moth of wrath, an orb spider (charged), a jumping
spider, a tarantella (berserk) and 2 redbacks.

Vanquished Creatures
  The ghost of Neapotai the Annihilator, a veteran DsMo of Ru (Zig:9)
  The ghost of Jiheses the Archmage, a legendary DEAE of Vehumet (Zig:9)
  An ancient lich (Zig:6)
  Mara (Swamp:4)
  A pandemonium lord (Zig:7)
  A juggernaut (Depths:1)
  2 royal mummies (Zig:11)
  The ghost of Hahenefa the Sensei, a legendary DsWn of Uskayaw (Zig:9)
  2 Killer Klowns
  A golden dragon (Depths:1)
  Nikola (Swamp:4)
  A bone dragon (Zig:6)
  3 iron giants (Zig:10)
  4 Hell Sentinels (Zig:10)
  2 tentacled monstrosities
  A titan (Depths:1)
  A lich (Depths:1)
  Jorgrun (Orc:1)
  2 quicksilver dragons (Depths:1)
  2 sphinxes
  Gastronok (Lair:2)
  Kirke (D:14)
  An acid blob (Zig:3)
  A shadow dragon (shapeshifter) (Zig:7)
  A thorn hunter (Swamp:4)
  11 nagarajas
  A shadow dragon (Depths:1)
  A revenant (Zig:9)
  3 fire giants
  Aizul (Snake:2)
  2 orc warlords
  5 frost giants
  An iron dragon (Depths:2)
  A curse skull (Zig:9)
  A balrug (Depths:2)
  A juggernaut zombie (D:15)
  A reaper (Zig:6)
  14 stone giants
  7 very ugly things
  2 vampire knights
  2 bennus (Zig:11)
  2 spark wasps (Depths:1)
  Azrael (Snake:1)
  An entropy weaver (Zig:12)
  3 bunyips
  A deep elf death mage (Zig:6)
  8 ettins
  A merfolk javelineer (Zig:8)
  4 eleionomae
  2 mummy priests (Zig:11)
  3 iron golems (Zig:10)
  A shambling mangrove (Swamp:1)
  Josephine (D:15)
  A merfolk impaler (Zig:8)
  5 fire dragons
  2 deep elf high priests
  A great orb of eyes (Depths:2)
  2 rakshasas
  4 vault guards (D:14)
  3 boulder beetles
  17 naga warriors
  7 anacondas
  5 ice dragons
  2 ghost crabs
  25 hydras
  6 centaur warriors
  An alligator snapping turtle (Zig:8)
  4 alligators
  11 deep troll earth magi
  A two-headed ogre (D:11)
  A death scarab (Zig:11)
  2 ogre magi
  5 deep troll shamans
  5 spriggan berserkers (Depths:2)
  8 shock serpents
  2 orc high priests (Orc:2)
  6 goliath frogs
  Urug (Lair:3)
  2 vampire magi (Zig:6)
  2 sun demons (Depths:2)
  A fire crab (Lair:5)
  A crystal echidna (Zig:10)
  4 deep elf knights
  A soul eater (Zig:9)
  Sonja (Lair:3)
  14 naga sharpshooters
  13 iron trolls
  10 spriggans
  A wretched star (Zig:2)
  2 death drakes (Depths:1)
  2 skeletal warriors (D:15)
  2 salamander mystics
  A sea snake (Zig:8)
  6 spriggan druids
  10 deep trolls
  2 unseen horrors
  10 naga ritualists
  8 lindwurms
  14 swamp dragons
  A swamp dragon (shapeshifter) (Zig:7)
  2 deep elf archers (Depths:3)
  2 deep elf pyromancers
  3 phantasmal warriors
  3 wizards
  Pikel (D:6)
  3 bog bodies
  A tengu zombie (D:15)
  A wolf spider zombie (D:14)
  2 necromancers
  10 mana vipers
  2 orb spiders (Zig:4)
  2 wolf spiders (Zig:12)
  5 cyclopes
  4 orc knights
  A fire giant zombie (D:15)
  29 ugly things
  A shining eye (shapeshifter) (Depths:2)
  2 orc sorcerers (Orc:2)
  A cyclops (shapeshifter) (Zig:7)
  5 will-o-the-wisps
  Maurice (D:12)
  A shadow dragon skeleton (Zig:11)
  6 salamanders
  11 elephants
  52 black mambas
  A merfolk siren (Zig:8)
  19 naga magi
  5 molten gargoyles
  3 apocalypse crabs
  5 guardian serpents
  4 gargoyles
  15 cane toads
  A spriggan skeleton (Zig:11)
  2 torpor snails
  3 kobold demonologists
  An efreet (D:15)
  4 rime drakes
  A tengu conjurer (Depths:1)
  10 komodo dragons
  9 guardian mummies (Zig:11)
  2 demonic crawlers
  A jumping spider (Zig:12)
  A bloated husk (Swamp:1)
  6 merfolk (Zig:8)
  A queen bee (Lair:3)
  8 trolls
  2 large abominations (Zig:2)
  6 tyrant leeches
  Grinder (D:6)
  4 meliai
  12 hornets
  A wind drake (Zig:8)
  11 slime creatures
  2 snapping turtles (Zig:8)
  19 blink frogs
  11 dream sheep (Lair:6)
  A meliai zombie (D:14)
  A centaur simulacrum (D:14)
  2 redbacks
  A flying skull (Zig:11)
  An ice dragon skeleton (D:15)
  3 shadows
  3 vampires
  2 ushabtiu (Zig:11)
  7 wyverns
  4 fire elementals (Snake:1)
  4 wraiths (D:15)
  6 basilisks
  A fire bat (shapeshifter) (D:13)
  51 yaks
  6 hogs
  Grum (Lair:1)
  3 chaos spawn
  2 steam dragons (Lair:6)
  23 vampire mosquitoes
  46 nagas
  A warg (Orc:2)
  14 two-headed ogre zombies (Orc:1)
  14 swamp worms
  16 water moccasins
  2 removed soldier ants
  7 hell hounds
  Duvessa (D:6)
  3 ice beasts
  44 orc warriors
  A removed eye of draining (D:13)
  3 sky beasts
  5 black bears
  5 swamp drakes
  3 phantoms
  14 ogres
  4 wolves (Lair:1)
  24 centaurs
  A lemure (D:6)
  Blork the orc (D:5)
  6 kobold brigands
  11 bullfrogs
  A wyvern zombie (D:10)
  3 scorpions
  3 wyvern skeletons (D:13)
  Dowan (D:6)
  14 wights
  19 killer bees
  2 electric eels (Lair:5)
  A crimson imp (D:7)
  5 howler monkeys
  4 centaur zombies
  10 lava snakes
  4 quasits
  A bullfrog zombie (D:9)
  12 hounds
  4 jellies
  17 orc priests
  35 orc wizards
  3 centaur skeletons
  6 bullfrog skeletons
  7 iguanas
  8 removed worker ants
  A killer bee zombie (D:9)
  2 hound skeletons (D:6)
  10 mummies (Zig:11)
  2 removed worker ant zombies
  4 gnolls
  14 adders
  5 white imps
  An endoplasm (D:7)
  An adder skeleton (D:5)
  An adder zombie (D:6)
  4 worms
  104 orcs
  5 removed leopard geckos
  2 bat zombies (D:8)
  7 giant cockroaches
  11 goblins
  6 hobgoblins
  21 jackals
  3 quokkas
  A ball python (D:8)
  A bat (D:2)
  5 frilled lizards
  25 kobolds
  A quokka skeleton (D:5)
  9 rats
  A butterfly (Lair:1)
  A fire vortex (Depths:3)
1430 creatures vanquished.

Vanquished Creatures (collateral kills)
  A frost giant (shapeshifter) (Zig:7)
  An emperor scorpion (Zig:4)
  2 naga warriors
  A naga sharpshooter (Snake:4)
  A salamander mystic (Snake:4)
  An orb spider (Zig:4)
  A salamander (Snake:3)
  2 guardian serpents (Snake:4)
  A black mamba (Snake:3)
  A slime creature (Zig:3)
  2 snapping turtles (shapeshifter) (Zig:7)
  A chaos spawn (Zig:7)
  2 nagas
17 creatures vanquished.

Vanquished Creatures (others)
  A curse toe (Zig:9)
  A naga ritualist (Snake:4)
  A bloated husk (Swamp:1)
  A sky beast (D:11)
  An orc wizard (D:9)
  2 briar patches (Swamp:4)
  59 fungi
  38 plants
  10 withered plants (D:15)
114 creatures vanquished.

Grand Total: 1561 creatures vanquished

Notes
Turn   | Place    | Note
-------+----------+-------------------------------------------
     0 | D:1      | nicanaca0 the Gargoyle Earth Elementalist began the quest
                  | for the Orb.
     0 | D:1      | Reached XP level 1. HP: 10/10 MP: 3/3
   290 | D:1      | Reached skill level 4 in Earth Magic
   346 | D:1      | Reached XP level 2. HP: 11/15 MP: 0/5
   869 | D:1      | Reached XP level 3. HP: 16/19 MP: 0/6
  1329 | D:2      | Learned a level 3 spell: Stone Arrow
  1470 | D:2      | Reached skill level 5 in Earth Magic
  1771 | D:2      | Reached XP level 4. HP: 10/24 MP: 4/7
  2094 | D:2      | Reached skill level 1 in Conjurations
  2648 | D:3      | Reached XP level 5. HP: 23/28 MP: 0/9
  2735 | D:3      | Found a faded altar of an unknown god.
  2823 | D:3      | Found a runed translucent door.
  2825 | D:3      | Noticed bmj180's ghost (amateur DrCj)
  3336 | D:3      | Reached skill level 6 in Earth Magic
  3470 | D:3      | Found a snail-covered altar of Cheibriados.
  3473 | D:3      | Found a white marble altar of Elyvilon.
  3736 | D:4      | Reached XP level 6. HP: 14/32 MP: 3/10
  4130 | D:4      | Found Qaenofum's Antique Armour Shop.
  4136 | D:4      | Bought a glowing buckler for 202 gold pieces
  4453 | D:4      | Noticed a black bear
  4461 | D:4      | Killed a black bear
  4461 | D:4      | Reached skill level 1 in Shields
  4461 | D:4      | Reached skill level 7 in Earth Magic
  4461 | D:4      | Reached XP level 7. HP: 26/36 MP: 6/12
  4642 | D:5      | Entered Level 5 of the Dungeon
  4884 | D:5      | Noticed Blork the orc
  4893 | D:5      | Killed Blork the orc
  5493 | D:6      | Reached skill level 8 in Earth Magic
  5497 | D:6      | Learned a level 2 spell: Blink
  5501 | D:6      | Learned a level 3 spell: Mephitic Cloud
  5588 | D:6      | Noticed Duvessa
  5588 | D:6      | Noticed Dowan
  5601 | D:6      | Killed Dowan
  5601 | D:6      | Reached XP level 8. HP: 41/41 MP: 4/14
  5803 | D:6      | Killed Duvessa
  5922 | D:6      | Noticed Grinder
  5929 | D:6      | Killed Grinder
  6088 | D:6      | Reached skill level 9 in Earth Magic
  6275 | D:6      | Reached skill level 5 in Conjurations
  6505 | D:6      | Noticed Pikel
  6526 | D:6      | Killed Pikel
  6526 | D:6      | Reached skill level 5 in Spellcasting
  6526 | D:6      | Reached skill level 10 in Earth Magic
  6526 | D:6      | Reached XP level 9. HP: 41/45 MP: 0/17
  6839 | D:6      | Found a staircase to the Ecumenical Temple.
  6909 | Temple   | Entered the Ecumenical Temple
  7041 | Temple   | Became a worshipper of Vehumet
  7306 | D:7      | Found Ymnun's Magic Scroll Emporium.
  7310 | D:7      | Found Wearour's Assorted Antiques.
  7452 | D:7      | Found Rotin's Distillery.
  7460 | D:7      | Bought a gnarled jewelled staff for 300 gold pieces
  7689 | D:7      | Found a sparkling altar of Nemelex Xobeh.
  7734 | D:7      | Found Edoy's General Store.
  7746 | D:7      | Bought a scroll of identify for 30 gold pieces
  7753 | D:7      | Reached skill level 11 in Earth Magic
  8034 | D:7      | Found a shimmering altar of Xom.
  8034 | D:7      | Found a burning altar of Makhleb.
  8251 | D:7      | Reached * piety under Vehumet
  8251 | D:7      | Offered knowledge of Freeze by Vehumet.
  8344 | D:7      | Found an opulent altar of Gozag.
  8345 | D:7      | Found a glowing golden altar of the Shining One.
  8826 | D:8      | Reached skill level 12 in Earth Magic
  8836 | D:8      | Reached XP level 10. HP: 44/50 MP: 0/20
  9218 | D:8      | Found an ancient bone altar of Kikubaaqudgha.
  9819 | D:8      | Reached skill level 13 in Earth Magic
  9847 | D:8      | Learned a level 5 spell: Lee's Rapid Deconstruction
  9897 | D:8      | Found Dycs's Magic Scroll Shoppe.
  9902 | D:8      | Bought a scroll of identify for 30 gold pieces
  9902 | D:8      | Bought a scroll of identify for 30 gold pieces
 10118 | D:9      | Offered knowledge of Foxfire by Vehumet.
 10121 | D:9      | Reached ** piety under Vehumet
 10258 | D:9      | Reached skill level 1 in Fighting
 10552 | D:9      | Offered knowledge of Ignite Poison by Vehumet.
 10684 | D:9      | Found a staircase to the Orcish Mines.
 11045 | D:9      | Noticed a kobold demonologist
 11052 | D:9      | Killed a kobold demonologist
 11052 | D:9      | Reached *** piety under Vehumet
 11052 | D:9      | Reached skill level 5 in Fighting
 11122 | D:9      | Found a staircase to the Lair.
 11621 | D:10     | Entered Level 10 of the Dungeon
 11700 | D:10     | Reached XP level 11. HP: 64/64 MP: 23/23
 11889 | D:10     | Offered knowledge of Iskenderun's Mystic Blast by Vehumet.
 12699 | D:11     | Noticed a necromancer
 12702 | D:11     | Killed a necromancer
 12870 | D:11     | Noticed an eight-headed hydra
 12877 | D:11     | Killed an eight-headed hydra
 12877 | D:11     | Reached **** piety under Vehumet
 13114 | D:11     | Offered knowledge of Static Discharge by Vehumet.
 13192 | D:11     | Noticed a six-headed hydra
 13201 | D:11     | Killed a six-headed hydra
 13370 | D:11     | Reached skill level 10 in Spellcasting
 13542 | D:11     | Noticed a cyclops
 13555 | D:11     | Killed a cyclops
 14296 | D:11     | Noticed a two-headed ogre
 14303 | D:11     | Killed a two-headed ogre
 14810 | Lair:1   | Entered Level 1 of the Lair of Beasts
 14953 | Lair:1   | Reached XP level 12. HP: 51/75 MP: 5/26
 15037 | Lair:1   | Learned a level 6 spell: Iron Shot
 15205 | Lair:1   | Noticed a seven-headed hydra
 15220 | Lair:1   | Killed a seven-headed hydra
 15494 | Lair:1   | Noticed Grum
 15508 | Lair:1   | Killed Grum
 17088 | Lair:2   | Found a staircase to the Snake Pit.
 17098 | Lair:2   | Noticed Gastronok
 17149 | Lair:2   | Killed Gastronok
 17149 | Lair:2   | Reached skill level 5 in Shields
 17149 | Lair:2   | Reached skill level 14 in Earth Magic
 17541 | Lair:3   | Noticed a seven-headed hydra
 17555 | Lair:3   | Killed a seven-headed hydra
 17769 | Lair:3   | Reached ***** piety under Vehumet
 17769 | Lair:3   | Reached XP level 13. HP: 82/82 MP: 11/28
 17770 | Lair:3   | Offered knowledge of Freezing Cloud by Vehumet.
 17885 | Lair:3   | Learned a level 4 spell: Petrify
 18036 | Lair:3   | Noticed Sonja
 18041 | Lair:3   | Killed Sonja
 18041 | Lair:3   | Reached skill level 10 in Fighting
 18186 | Lair:3   | Noticed Urug
 18194 | Lair:3   | Killed Urug
 18958 | Lair:3   | Learned a level 2 spell: Passwall
 19932 | Lair:4   | Found a staircase to the Swamp.
 20173 | Lair:4   | Reached skill level 15 in Earth Magic
 20588 | Lair:4   | Learned a level 5 spell: Bolt of Magma
 20633 | Lair:5   | Reached skill level 10 in Conjurations
 20806 | Lair:4   | Reached skill level 1 in Translocations
 21803 | Lair:5   | Gained mutation: Your large and strong wings let you fly.
                  | [Gargoyle growth]
 21803 | Lair:5   | Reached XP level 14. HP: 88/88 MP: 19/29
 23120 | Lair:6   | Entered Level 6 of the Lair of Beasts
 23389 | Lair:6   | Offered knowledge of Yara's Violent Unravelling by Vehumet.
 23389 | Lair:6   | Reached skill level 16 in Earth Magic
 24293 | Lair:6   | Found a viscous altar of Jiyva.
 24294 | Lair:6   | Found a staircase to the Slime Pits.
 24301 | Lair:6   | Got a pair of smoking gloves
 24368 | Lair:6   | Identified the +2 pair of gloves "Sybih Wofo" {-Cast +Blink
                  | rElec Regen+} (You found it on level 6 of the Lair of
                  | Beasts)
 25438 | Lair:6   | Found a large runed translucent door.
 25438 | Lair:6   | Found a large runed translucent door.
 26156 | Lair:6   | Reached skill level 10 in Shields
 26242 | Lair:6   | Got a wavering ivory ring
 26248 | Lair:6   | Identified the ring of Ihyqabaa {+Fly rElec rPois rN+} (You
                  | found it on level 6 of the Lair of Beasts)
 26453 | D:7      | Bought a scroll of enchant weapon for 112 gold pieces
 26529 | D:8      | Bought a scroll of identify for 30 gold pieces
 26529 | D:8      | Bought a scroll of enchant armour for 112 gold pieces
 26532 | D:8      | Reached skill level 17 in Earth Magic
 26532 | D:8      | Reached XP level 15. HP: 92/92 MP: 31/31
 27845 | D:12     | Reached XP level 16. HP: 88/97 MP: 16/32
 28196 | D:12     | Noticed Maurice
 28200 | D:12     | Killed Maurice
 28776 | D:13     | Reached skill level 1 in Armour
 28867 | D:13     | Offered knowledge of Irradiate by Vehumet.
 30560 | D:13     | Learned a level 9 spell: Shatter
 30580 | D:13     | Reached skill level 18 in Earth Magic
 31180 | Orc:1    | Entered Level 1 of the Orcish Mines
 31591 | Orc:1    | Found a roughly hewn altar of Beogh.
 31605 | Orc:1    | Noticed Jorgrun
 31641 | Orc:1    | Killed Jorgrun
 32769 | Orc:1    | Offered knowledge of Ozocubu's Refrigeration by Vehumet.
 32941 | Orc:2    | Entered Level 2 of the Orcish Mines
 33207 | Orc:2    | Reached skill level 5 in Armour
 33633 | Orc:2    | Found Pageummoo's Book Boutique.
 34151 | Orc:2    | Gained mutation: You have hidden genetic potential. [a
                  | neqoxec]
 34308 | Orc:2    | Gained mutation: Your magical capacity is low. (-10% MP)
                  | [evolution]
 34311 | Orc:1    | Reached skill level 1 in Evocations
 34863 | Orc:2    | Bought a book of Power for 720 gold pieces
 34873 | Orc:2    | Learned a level 7 spell: Spellforged Servitor
 35139 | Orc:2    | Found a staircase to the Elven Halls.
 35150 | Orc:2    | Found Difah's Antique Armour Boutique.
 35431 | Orc:2    | Bought a transparent cloak for 218 gold pieces
 35441 | Orc:2    | Identified the +4 cloak of Utirch {*Corrode rElec Dex+8
                  | Slay+4} (You bought it in a shop on level 2 of the Orcish
                  | Mines)
 35518 | Orc:2    | Reached skill level 1 in Summonings
 35676 | Orc:2    | Found Ifyrreod's General Store.
 35709 | Orc:2    | Found Nima's Antique Weapon Shop.
 36026 | Orc:2    | Bought a scroll of enchant weapon for 97 gold pieces
 36303 | D:14     | Noticed Kirke
 36413 | D:14     | Killed Kirke
 36451 | D:14     | Offered knowledge of Conjure Ball Lightning by Vehumet.
 37335 | D:14     | Found a bloodstained altar of Trog.
 37914 | D:14     | Reached XP level 17. HP: 102/102 MP: 17/30
 38094 | D:14     | Found a gate to the Vaults.
 38262 | D:15     | Entered Level 15 of the Dungeon
 38262 | D:15     | Found a staircase to the Depths.
 38667 | D:15     | Noticed Josephine
 38689 | D:15     | Killed Josephine
 39234 | D:15     | Gained mutation: Your spells are a little harder to cast,
                  | but a little more powerful. [evolution]
 40654 | Swamp:1  | Entered Level 1 of the Swamp
 40711 | Lair:4   | Reached skill level 19 in Earth Magic
 42386 | Swamp:1  | Noticed a tentacled monstrosity
 42392 | Swamp:1  | Killed a tentacled monstrosity
 42692 | Swamp:2  | Offered knowledge of Starburst by Vehumet.
 42735 | Swamp:2  | Reached skill level 5 in Summonings
 43621 | Swamp:2  | Found a white marble altar of Elyvilon.
 44946 | Swamp:4  | Entered Level 4 of the Swamp
 44948 | Swamp:4  | Noticed Mara
 45082 | Swamp:4  | Reached XP level 18. HP: 91/108 MP: 19/32
 45239 | Swamp:4  | Killed Mara
 45655 | Swamp:4  | Offered knowledge of Ignition by Vehumet.
 46090 | Swamp:4  | Noticed Nikola
 46227 | Swamp:4  | Killed Nikola
 46865 | Swamp:4  | Got a decaying rune of Zot
 47330 | D:14     | Lost mutation: Your magical capacity is low. (-10% MP)
                  | [evolution]
 47380 | D:14     | Lost mutation: You have hidden genetic potential. [potion
                  | of mutation]
 47380 | D:14     | Lost mutation: Your spells are a little harder to cast, but
                  | a little more powerful. [potion of mutation]
 47380 | D:14     | Gained mutation: You are weak. (Str -2) [potion of
                  | mutation]
 47380 | D:14     | Gained mutation: You are agile. (Dex +2) [potion of
                  | mutation]
 47380 | D:14     | Gained mutation: Your movements are slightly less
                  | encumbered by armour. (ER -2) [potion of mutation]
 47380 | D:14     | Gained mutation: You have sharp toenails. [potion of
                  | mutation]
 47381 | D:14     | Lost mutation: You are weak. (Str -2) [potion of mutation]
 47381 | D:14     | Lost mutation: You have sharp toenails. [potion of
                  | mutation]
 47381 | D:14     | Lost mutation: You are agile. (Dex +2) [potion of mutation]
 47381 | D:14     | Gained mutation: You are agile. (Dex +2) [potion of
                  | mutation]
 47381 | D:14     | Gained mutation: Your spells are a little harder to cast,
                  | but a little more powerful. [potion of mutation]
 47381 | D:14     | Gained mutation: You have an increased reservoir of magic.
                  | (+10% MP) [potion of mutation]
 47690 | Snake:1  | Entered Level 1 of the Snake Pit
 47720 | Snake:1  | Noticed Azrael
 47789 | Snake:1  | Killed Azrael
 48555 | Snake:1  | Reached skill level 20 in Earth Magic
 49797 | Snake:2  | Reached XP level 19. HP: 110/112 MP: 9/40
 49972 | Snake:2  | Noticed Aizul
 49977 | Snake:2  | Killed Aizul
 51315 | Snake:2  | Found Erhot's Jewellery Shop.
 51316 | Snake:2  | Found Kucehyruuh's Gadget Emporium.
 51317 | Snake:2  | Found Ekarr's Jewellery Shop.
 51333 | Snake:2  | Bought the ring "Riakoteu" {Wiz *Drain rPois rC+ Slay+2}
                  | for 714 gold pieces
 51339 | Snake:2  | Bought an uncursed amulet of magic regeneration for 480
                  | gold pieces
 52223 | Snake:3  | Reached skill level 5 in Evocations
 52900 | Snake:4  | Entered Level 4 of the Snake Pit
 52933 | Snake:4  | Reached ****** piety under Vehumet
 52946 | Snake:4  | Found a flickering gateway to a bazaar.
 52955 | Bazaar   | Entered a bazaar
 52955 | Bazaar   | Found Waliasue's Magic Scroll Shoppe.
 52955 | Bazaar   | Found Fiwits's Magic Scroll Shoppe.
 52955 | Bazaar   | Found Otoist's General Store.
 52957 | Bazaar   | Found Cugaho's Book Emporium.
 52984 | Bazaar   | Bought a scroll of fear for 49 gold pieces
 52984 | Bazaar   | Bought a scroll of enchant armour for 105 gold pieces
 53112 | Snake:4  | Identified the +8 hand axe of Jask {vorpal, rPois} (You
                  | found it on level 4 of the Snake Pit)
 53672 | Snake:4  | Reached skill level 21 in Earth Magic
 54142 | Snake:4  | Offered knowledge of Lehudib's Crystal Spear by Vehumet.
 54142 | Snake:4  | Offered knowledge of Chain Lightning by Vehumet.
 54142 | Snake:4  | Offered knowledge of Polar Vortex by Vehumet.
 54472 | Snake:3  | Learned a level 8 spell: Lehudib's Crystal Spear
 54490 | Snake:3  | Learned a level 5 spell: Borgnjor's Vile Clutch
 54490 | Snake:3  | Upgraded the game from 0.26-a0-812-g31a745ddcd to
                  | 0.26-a0-1184-g95e395e029
 54490 | Snake:3  | Upgraded the game from 0.26-a0-1184-g95e395e029 to
                  | 0.27-a0-277-g024f7ef292
 54783 | Snake:3  | Upgraded the game from 0.27-a0-277-g024f7ef292 to
                  | 0.27-a0-562-g0d39f094a4
 54783 | Snake:3  | Upgraded the game from 0.27-a0-562-g0d39f094a4 to
                  | 0.27-a0-1184-ge86db4a01e
 54783 | Snake:3  | Upgraded the game from 0.27-a0-1184-ge86db4a01e to
                  | 0.28-a0-79-g444c7a33f5
 54783 | Snake:3  | Upgraded the game from 0.28-a0-79-g444c7a33f5 to
                  | 0.28-a0-119-ga52ba8600a
 54783 | Snake:3  | Upgraded the game from 0.28-a0-119-ga52ba8600a to
                  | 0.28-a0-440-ge3cd3e9c68
 55554 | Snake:4  | Reached XP level 20. HP: 120/120 MP: 32/42
 55747 | Snake:4  | Reached skill level 15 in Spellcasting
 56023 | Snake:4  | Got a serpentine rune of Zot
 56290 | Depths:1 | Entered Level 1 of the Depths
 57013 | Depths:1 | Noticed a golden dragon
 57038 | Depths:1 | Killed a golden dragon
 57735 | Depths:1 | Noticed a juggernaut
 58109 | Depths:1 | Killed a juggernaut
 58159 | Depths:1 | Found a radiant altar of Vehumet.
 58218 | Depths:1 | Reached skill level 15 in Shields
 58374 | Depths:1 | Reached skill level 15 in Conjurations
 58549 | Depths:1 | Found a gateway to Hell.
 58809 | Depths:1 | Reached XP level 21. HP: 129/129 MP: 36/44
 59790 | Depths:1 | Found a portal to a secret trove of treasure.
 60126 | Depths:2 | Identified the amulet of Jate {rElec rPois Regen+}
 61252 | Depths:2 | Identified the +14 plate armour of the Guardian {Regen+}
 61258 | Depths:2 | Identified 2 scrolls of acquirement
 61259 | Depths:2 | Identified the +1 whip of Lust {freeze, +Rage Dex+9 Stlth-}
 61555 | Depths:3 | Found a large runed translucent door.
 61556 | Depths:3 | Acquired a book of Spectacle
 61558 | Depths:3 | Found a large runed translucent door.
 61815 | Depths:3 | Reached skill level 15 in Fighting
 61933 | Depths:3 | Found a gateway to a ziggurat.
 61944 | Zig:1    | Entered Level 1 of a ziggurat
 61945 | Zig:1    | Noticed a Killer Klown
 61950 | Zig:1    | Killed a Killer Klown
 61987 | Zig:2    | Entered Level 2 of a ziggurat
 62038 | Zig:2    | Acquired 1034 gold pieces
 62058 | Zig:3    | Entered Level 3 of a ziggurat
 62141 | Zig:4    | Entered Level 4 of a ziggurat
 62255 | Zig:4    | Identified the +4 executioner's axe of Havoc {elec, Will+}
 62257 | Zig:5    | Entered Level 5 of a ziggurat
 62263 | Zig:5    | Noticed a Killer Klown
 62266 | Zig:5    | Killed a Killer Klown
 62323 | Zig:6    | Entered Level 6 of a ziggurat
 62330 | Zig:6    | Noticed an ancient lich
 62331 | Zig:6    | Noticed a bone dragon
 62332 | Zig:6    | Reached XP level 22. HP: 140/140 MP: 33/47
 62336 | Zig:6    | Killed an ancient lich
 62337 | Zig:6    | Reached skill level 10 in Armour
 62478 | Zig:6    | Found the +9 sword of Zonguldrok {reap}
 62483 | Zig:6    | Identified the ring of Foolhardiness {rPois Will+}
 62493 | Zig:6    | Identified the +5 scimitar "Tits" {vorpal, Drain Dex+5}
 62504 | Zig:7    | Entered Level 7 of a ziggurat
 62510 | Zig:7    | Noticed Idiniecw the pandemonium lord
 62520 | Zig:7    | Killed Idiniecw the pandemonium lord
 62692 | Zig:7    | Identified the +1 plate armour of Greater Demons {rElec
                  | Str+4}
 62697 | Zig:7    | Reached XP level 23. HP: 144/144 MP: 48/48
 62700 | Zig:7    | Reached XP level 24. HP: 150/150 MP: 48/48
 62708 | Zig:8    | Entered Level 8 of a ziggurat
 62755 | Zig:8    | Reached XP level 25. HP: 156/156 MP: 48/48
 62788 | Zig:9    | Entered Level 9 of a ziggurat
 62796 | Zig:9    | Noticed Jiheses's ghost (legendary DEAE)
 62796 | Zig:9    | Noticed Hahenefa's ghost (legendary DsWn)
 62797 | Zig:9    | Noticed Neapotai's ghost (veteran DsMo)
 62805 | Zig:9    | Killed Jiheses's ghost
 62806 | Zig:9    | Killed Hahenefa's ghost
 62810 | Zig:9    | Killed Neapotai's ghost
 63007 | Zig:9    | Acquired a staff of conjuration
 63008 | Zig:9    | Acquired 1102 gold pieces
 63009 | Zig:9    | Acquired the +8 lance "Wyrmbane" {slay drac, rPois rF+ rC+
                  | AC+3}
 63009 | Zig:9    | Found the +8 lance "Wyrmbane" {slay drac, rPois rF+ rC+
                  | AC+3}
 63010 | Zig:9    | Identified the +5 double sword "Oroy" {freeze, +Rage rCorr
                  | MP-9 Dex+2}
 63027 | Zig:9    | Identified the +0 cloak of Thoughtfulness {*Corrode Dex+7}
 63041 | Zig:10   | Entered Level 10 of a ziggurat
 63051 | Zig:10   | Found the +5 demon whip "Spellbinder" {antimagic, Will+}
 63068 | Zig:10   | Identified the -2 kite shield "Yshrel" {rC+}
 63069 | Zig:10   | Identified the +7 war axe "Exatier" {freeze, Str+3}
 63093 | Zig:11   | Entered Level 11 of a ziggurat
 63109 | Zig:11   | Noticed a royal mummy
 63110 | Zig:11   | Noticed a royal mummy
 63112 | Zig:11   | Killed a royal mummy
 63113 | Zig:11   | Killed a royal mummy
 63500 | Zig:12   | Entered Level 12 of a ziggurat
 63511 | Zig:12   | Reached skill level 15 in Armour
 63514 | Zig:12   | Found the +3 hat of Pondering {ponderous, Will+ MP+10
                  | Int+5}
 63521 | Zig:12   | Slain by a redback

Illustrated notes

Levels and vault maps discovered:
D:1:      dpeg_arrival_radiant, layout_loops_corners
D:2:      layout_rooms, minmay_misc_feat_cross
D:3:      layout_basic, gammafunk_temple_overflow_pools,
          nicolae_overflow_hidden_temple, chequers_ecumenical_altar_island,
          ebering_ghost_sewer_d, serial_glass, glass_columns_b, glass_columns_a
D:4:      black_bear_nest_2, layout_basic, serial_shops, nicolae_shop_stone
D:5:      layout_cave_pools, portal_sewer_entry_a, serial_park_tiny_2,
          uniq_blork_the_orc
D:6:      layout_loops_ring, minmay_temple_entry_proselytizer,
          due_unseen_surprise, uniq_grinder, uniq_pikel, uniq_duvessa
D:7:      layout_loops_ring, grunt_temple_overflow_champion_of_chaos,
          minitemple, serial_shops, kennysheep_little_box, shop, shop, shop,
          corexii_checkpoint_a, chequers_serial_rivers_micro_a
D:8:      layout_loops_ring, lemuel_zombie_altar_kikubaaqudgha, serial_shops,
          shop, chequers_mini_garden
D:9:      layout_gridville, lair_entry_dummy, david_orc_4,
          roderic_roman_lattice, chequers_decorated_corner,
          kennysheep_generic_room_10
D:10:     layout_cave_pools, chequers_serial_rivers_micro_c
D:11:     layout_stronghold, minmay_bent
D:12:     cheibrodos_magma_flow, layout_loops_ring, minmay_lindwurm_lava,
          uniq_maurice
D:13:     layout_basic
D:14:     layout_gridville, grunt_vaults_entry_fortified, old_standard_altar,
          minivault_1, uniq_kirke
D:15:     gammafunk_depths_entry_grave, layout_rooms, fungi_pond_lemuel,
          uniq_josephine
Temple:   minmay_temple_forest_path
Lair:1:   layout_chaotic_city, gammafunk_lair_bear_cave, grunt_megastairs_3,
          lemuel_fruit_fields, uniq_grum
Lair:2:   layout_chaotic_city, minmay_snake_entry_guardpost_medium,
          lemuel_fruit_tree, uniq_gastronok
Lair:3:   layout_cave_pods, special_room [special_room_bee],
          serial_bayou_pond_e, minmay_lair_oklob_chamber, uniq_sonja, uniq_urug
Lair:4:   layout_regular_city, minmay_swamp_entry_worms
Lair:5:   layout_cave_pods, serial_bayou_shore_b, infiniplex_staircase_pool,
          grunt_megastairs_5
Lair:6:   cheibrodos_lair_end_hotspot, layout_regular_city, slime_altar_1
Swamp:1:  cheibrodos_swamp_monstrosity, layout_basic_swamp,
          evilmike_swamp_ruin_house_5
Swamp:2:  layout_basic_swamp, nicolae_swamp_treefoil, swamp_pool1,
          lemuel_altar_in_water
Swamp:3:  layout_falls_marsh, hangedman_swamp_diagram
Swamp:4:  swamp_alternative, layout_basic_swamp, swamp_pool4, uniq_mara,
          uniq_nikola
Snake:1:  layout_concentric_octagons, uniq_azrael
Snake:2:  layout_gridlike, minmay_shop_grove, uniq_aizul
Snake:3:  layout_cave_town
Snake:4:  johnstein_snake_rune_scales, layout_cave_town, serial_shops,
          bzr_in_the_mist, drop_trap, grunt_ministairs_7,
          nicolae_large_snake_swirl
Orc:1:    lemuel_ogre_cave, layout_caves, basic_altar, uniq_jorgrun
Orc:2:    grunt_orc_gardens, layout_diamond_mine, grunt_orc_garden,
          grunt_orc_garden, grunt_orc_garden, grunt_orc_garden
Depths:1: lemuel_castle_with_subvaults [lemuel_castle_interior_carwin_1],
          layout_basic, pf_coc_iceberg, nicolae_trove_entry_columns,
          minmay_misc_feat_roman, nicolae_vehumet_radiance
Depths:2: four-leaf_vault, layout_honeycomb, minmay_misc_feat_rows,
          lightli_too_deep, grunt_ministairs_15, infiniplex_staircase_pool_1,
          hangedman_decor_cross_pass
Depths:3: lightli_eight_chambers, layout_basic, enter_ziggurat_f, hell_entry,
          kennysheep_big_empty_room, pan_entry, kennysheep_random_hallway
Zig:12

Skill      XL: |  1  2  3  4  5  6  7  8  9 10 11 12 13 14 15 16 17 18 19 20 21 22 23 24 25 |
---------------+----------------------------------------------------------------------------+-----
Earth Magic    | 4 5 6 7 8 10 12 13 14 15 17 18 19 20 21 | 21.3
Conjurations   | 1 2 3 5 6 8 10 12 13 14 15 16 | 16.5
Spellcasting   | 3 4 5 6 8 10 11 12 13 14 15 17 | 17.7
Shields        | 1 3 4 5 7 10 11 12 13 14 15 | 15.0
Fighting       | 5 8 9 10 11 13 15 16 | 16.4
Dodging        | 2 |  2.8
Translocations | 2 3 |  3.0
Armour         | 5 6 8 9 11 12 13 15 | 15.0
Evocations     | 2 4 5 |  5.0
Summonings     | 3 5 6 |  6.9
Stealth        | |  2.1
Transmutations | |  0.7

Action                   |  1- 3 |  4- 6 |  7- 9 | 10-12 | 13-15 | 16-18 | 19-21 | 22-24 | 25-27 || total
-------------------------+-------+-------+-------+-------+-------+-------+-------+-------+-------++-------
Melee: Unarmed           |    46 |       |       |       |       |       |       |       |       ||    46
       Flail             |    20 |    47 |    13 |   170 |    18 |       |       |       |       ||   268
       Short sword       |       |       |     3 |    21 |       |       |       |       |       ||    24
       Demon trident     |       |       |       |       |   150 |   295 |   118 |       |       ||   563
       Staff             |       |       |       |       |       |     7 |    30 |       |     1 ||    38
       Demon whip        |       |       |       |       |       |       |       |    15 |     4 ||    19
 Fire: Hunting sling     |       |    77 |   167 |    90 |       |       |       |       |       ||   334
Throw: Boomerang         |     1 |    18 |       |       |     8 |     7 |       |       |       ||    34
       Dart              |       |       |       |     3 |     3 |     1 |       |       |       ||     7
       Stone             |       |       |       |       |       |     2 |       |       |       ||     2
       Javelin           |       |       |       |       |       |       |       |       |     2 ||     2
 Cast: Sandblast         |    39 |    70 |    41 |    13 |    14 |       |       |       |       ||   177
       Stone Arrow       |       |     3 |    74 |   281 |   301 |    28 |       |       |       ||   687
       Lee's Rapid Decon |       |       |       |    15 |    29 |    10 |    12 |       |       ||    66
       Blink             |       |       |       |     3 |       |     2 |     7 |     1 |       ||    13
       Mephitic Cloud    |       |       |       |     1 |       |       |       |       |       ||     1
       Iron Shot         |       |       |       |       |    84 |   542 |   412 |     7 |     1 ||  1046
       Petrify           |       |       |       |       |    11 |       |     1 |       |       ||    12
       Passwall          |       |       |       |       |     3 |     1 |     1 |       |       ||     5
       Bolt of Magma     |       |       |       |       |     4 |    71 |       |       |       ||    75
       Spellforged Servi |       |       |       |       |       |       |    10 |     2 |       ||    12
       Lehudib's Crystal |       |       |       |       |       |       |    63 |    10 |     8 ||    81
       Borgnjor's Vile C |       |       |       |       |       |       |     2 |     1 |       ||     3
       Shatter           |       |       |       |       |       |       |     9 |     6 |    19 ||    34
 Abil: Word of Chaos     |       |       |       |       |     1 |       |       |       |       ||     1
Evoke: Lightning rod     |       |       |       |     7 |       |       |       |       |       ||     7
       Wand              |       |       |       |     2 |       |    14 |     2 |       |     1 ||    19
  Use: Potion            |       |     1 |       |     2 |     3 |     8 |     2 |     6 |     2 ||    24
       Scroll            |       |     2 |     9 |    11 |    22 |    15 |    24 |     8 |     7 ||    98
 Stab: Petrified         |       |       |       |       |     5 |       |     2 |       |       ||     7
       Sleeping          |       |       |       |       |       |     2 |       |       |       ||     2
Armor: Robe              |    32 |    41 |    28 |   163 |   186 |   308 |   153 |    27 |    61 ||   999
       Fire dragon scale |       |       |       |       |       |    58 |    99 |       |       ||   157
Dodge: Dodged            |    63 |    98 |    46 |   196 |   256 |   291 |   146 |    14 |    29 ||  1139
Block: Buckler           |       |     5 |    24 |   133 |   141 |   127 |       |       |       ||   430
       Kite shield       |       |       |       |       |    44 |   343 |   409 |    28 |    41 ||   865

Table legend: (Time is in decaauts)
 A = Elapsed time spent in this place.
 B = Non-inter-level travel time spent in this place.
 C = Inter-level travel time spent in this place.
 D = Time resting spent in this place.
 E = Time spent auto-exploring this place.
 F = Levels seen in this place.
 G = Mean time per level.
                   A        B        C        D        E       F      G
               +--------+--------+--------+--------+--------+-----+--------+
         Total |  63892 |  60474 |   3418 |  19699 |  29790 |  48 | 1331.1 |
       Dungeon |  24816 |  22930 |   1886 |   4733 |  14224 |  15 | 1654.4 |
        Temple |    189 |    132 |     57 |      0 |    124 |   1 |  189.0 |
          Lair |  12428 |  11843 |    585 |   4428 |   5491 |   6 | 2071.3 |
         Swamp |   6094 |   5890 |    204 |   2776 |   2321 |   4 | 1523.5 |
     Snake Pit |   8229 |   7967 |    262 |   3550 |   2703 |   4 | 2057.2 |
  Orcish Mines |   4834 |   4567 |    267 |   2226 |   1314 |   2 | 2417.0 |
        Depths |   5677 |   5522 |    155 |   1804 |   2748 |   3 | 1892.3 |
      Ziggurat |   1585 |   1585 |      0 |    182 |    864 |  12 |  132.1 |
        Bazaar |     35 |     35 |      0 |      0 |      0 |   1 |   35.0 |
               +--------+--------+--------+--------+--------+-----+--------+

Top non-repeatable levels by time:
Depths:1: 3733 daAuts
  Lair:6: 2940 daAuts
  Lair:4: 2681 daAuts
   Orc:2: 2518 daAuts
    D:14: 2501 daAuts
    D:13: 2487 daAuts
    D:11: 2486 daAuts
 Snake:3: 2473 daAuts
     D:9: 2335 daAuts
   Orc:1: 2316 daAuts
 Swamp:3: 2173 daAuts
 Snake:2: 2133 daAuts
    D:12: 2096 daAuts
  Lair:5: 2023 daAuts
 Snake:1: 1855 daAuts
